 Dungeon Crawl Stone Soup version 0.29-a0-886-gfb1a3fa8b1 (webtiles) character file.

Game seed: 2569901472483910330

66 Decritt the Covered (level 4, 29/29 HPs)
             Began as a Gargoyle Fighter on July 20, 2022.
             Quit the game on level 2 of the Dungeon on July 21, 2022.
             The game lasted 00:03:59 (2187 turns).

Decritt the Covered (Gargoyle Fighter)              Turns: 2187, Time: 00:03:59

Health: 29/29      AC: 10    Str: 21    XL:     4   Next: 15%
Magic:  4/4        EV:  9    Int:  9    God:
Gold:   108        SH:  4    Dex:  9    Spells: 3/3 levels left

rFire   . . .      SeeInvis .   a - +0 flail
rCold   . . .      Faith    .   c - +0 buckler
rNeg    + . .      Spirit   .   b - +0 scale mail
rPois   ∞          Reflect  .   (no helmet)
rElec   +          Harm     .   (no cloak)
rCorr   .          Rampage  .   (no gloves)
Will    .....                   (no boots)
Stlth   ..........              (no amulet)
HPRegen 0.09/turn               (no ring)
MPRegen 0.09/turn               (no ring)

@: no status effects
A: sickness immunity, AC +3, negative energy resistance 1, electricity
resistance, torment resistance 1, petrification resistance
a: no special abilities


You were on level 2 of the Dungeon.
You visited 1 branch of the dungeon, and saw 2 of its levels.

You collected 108 gold pieces.

Inventory:

Hand Weapons
 a - a +0 flail (weapon)
Armour
 b - a +0 scale mail (worn)
 c - a +0 buckler (worn)
Scrolls
 g - 2 scrolls of magic mapping {unknown}
 h - a scroll of enchant weapon {unknown}
 i - a scroll of blinking {unknown}
 k - a scroll of identify {unknown}
 l - 4 scrolls of teleportation {unknown}
 m - a scroll of silence {unknown}
 n - a scroll of vulnerability {unknown}
Potions
 d - a potion of might
 e - a potion of flight {unknown}
 f - a potion of curing {unknown}
 j - a potion of lignification {unknown}
 o - 2 potions of haste {unknown}


   Skills:
 + Level 3.9 Fighting
 + Level 2.7 Maces & Flails
 + Level 3.9 Armour
 + Level 3.8 Shields


You had 3 spell levels left.
You didn't know any spells.
Your spell library was empty.

Dungeon Overview and Level Annotations

Branches:
Dungeon (2/15)

Altars:


Innate Abilities, Weirdness & Mutations

You are immune to sickness and miasma.
Your stone body is resilient. (AC +3)
You are immune to poison.
You resist negative energy. (rN+)
You are resistant to electric shocks. (rElec)
You are resistant to unholy torment.
You are immune to petrification.


Message History

No target in view!
No target in view!
o - 2 dark potions Unknown command.
You swing at nothing.
Unknown command.
Things that are here:
a bat corpse; a hobgoblin corpse
There is an open door here.
A jackal comes into view.
Found an escape hatch in the ceiling.
The jackal barks!
You hear a bark! x2; You hear a shout!
A jackal comes into view.
You hear an angry hiss.
The jackal barks!
You barely miss the jackal. The jackal closely misses you.
A jackal comes into view.
You block the jackal's attack.
The jackal moves out of view.
A jackal comes into view.
You miss the jackal. The jackal closely misses you.
You block the jackal's attack.
You barely miss the jackal. You hit the jackal.
The jackal is severely wounded.
The jackal bites you but does no damage.
The jackal closely misses you.
You sock the jackal!
You kill the jackal!
The jackal bites you but does no damage.
You barely miss the jackal.
The jackal bites you but does no damage.
A goblin comes into view. It is wielding a +0 whip.
The jackal bites you but does no damage.
The goblin moves out of view.
Welcome back, Decritt the Gargoyle Fighter.
Press ? for a list of commands and other information.
Welcome back, Decritt the Gargoyle Fighter.
Press ? for a list of commands and other information.
Welcome back, Decritt the Gargoyle Fighter.
Press ? for a list of commands and other information.
Are you sure you want to abandon this character and quit the game? (Confirm with "yes".)

#########.....#..#.#....#
#.....#.#..#.#....#
#.#...#.#..#.##...#
#.#.....#.......[.##
#.#.#...#.##.##.....
#.#.#.#.#.##.##.####
#.#...#.#.##.##.####
###.#####.#.##†.......
#..hh@....#.......####
#.#h############### <. #.
#


You could see 3 jackals.

Vanquished Creatures
  An adder (D:2)
  2 worms (D:2)
  3 dart slugs
  2 ball pythons (D:1)
  6 endoplasms (D:1)
  A giant cockroach (D:1)
  7 goblins
  2 hobgoblins
  A jackal (D:2)
  5 kobolds (D:1)
  A quokka (D:2)
  7 bats
  2 frilled lizards
  4 rats (D:1)
44 creatures vanquished.

Vanquished Creatures (others)
  2 plants (D:1)
2 creatures vanquished.

Grand Total: 46 creatures vanquished

Notes
Turn   | Place    | Note
-------+----------+-------------------------------------------
     0 | D:1      | Decritt the Gargoyle Fighter began the quest for the Orb.
     0 | D:1      | Reached XP level 1. HP: 14/14 MP: 1/1
    50 | D:1      | Reached XP level 2. HP: 9/19 MP: 2/2
   521 | D:1      | Reached XP level 3. HP: 21/23 MP: 3/3
  1724 | D:2      | Found a faded altar of an unknown god.
  1989 | D:2      | Reached XP level 4. HP: 29/29 MP: 4/4
  2187 | D:2      | Upgraded the game from 0.29-a0-878-g7b45a56547 to
                  | 0.29-a0-886-gfb1a3fa8b1
  2187 | D:2      | Quit the game

Illustrated notes

Levels and vault maps discovered:
D:1:      psy_arrival_radial02, layout_basic, serial_forest,
          infiniplex_forest_clump_diagonal, infiniplex_forest_lined_2,
          infiniplex_forest_clump_double, infiniplex_forest_straight_2,
          st_stairs_6
D:2:      layout_basic, chequers_ecumenical_altar_simple, grunt_decor_one_mirror

Action                   |  1- 3 |  4- 6 || total
-------------------------+-------+-------++-------
Melee: Flail             |   123 |    21 ||   144
Armor: Scale mail        |    67 |    13 ||    80
Dodge: Dodged            |    58 |     9 ||    67
Block: Buckler           |    23 |     6 ||    29

Table legend: (Time is in decaauts)
 A = Elapsed time spent in this place.
 B = Non-inter-level travel time spent in this place.
 C = Inter-level travel time spent in this place.
 D = Time resting spent in this place.
 E = Time spent auto-exploring this place.
 F = Levels seen in this place.
 G = Mean time per level.
                   A        B        C        D        E       F      G
               +--------+--------+--------+--------+--------+-----+--------+
         Total |   2243 |   2211 |     32 |    151 |   1724 |   2 | 1121.5 |
       Dungeon |   2243 |   2211 |     32 |    151 |   1724 |   2 | 1121.5 |
               +--------+--------+--------+--------+--------+-----+--------+

Top non-repeatable levels by time:
     D:1: 1364 daAuts
     D:2: 878 daAuts
